 Dungeon Crawl Stone Soup version 0.29-a0-422-gafbd6decc1 (webtiles) character file.

Game seed: 8270701138400155239

39 bande the Shield-Bearer (level 3, -8/23 HPs)
             Began as a Gargoyle Fighter on May 19, 2022.
             Mangled by a gnoll
             ... wielding a +0 halberd
              (12 damage)
             ... on level 2 of the Dungeon.
             The game lasted 00:01:26 (675 turns).

bande the Shield-Bearer (Gargoyle Fighter)           Turns: 675, Time: 00:01:27

Health: -8/23      AC: 10    Str: 19    XL:     3   Next: 47%
Magic:  3/3        EV:  9    Int:  8    God:
Gold:   18         SH:  4    Dex: 11    Spells: 2/2 levels left

rFire   . . .      SeeInvis .   a - +0 war axe
rCold   . . .      Faith    .   c - +0 buckler
rNeg    + . .      Spirit   .   b - +0 scale mail
rPois   ∞          Reflect  .   (no helmet)
rElec   +          Harm     .   (no cloak)
rCorr   .          Rampage  .   (no gloves)
Will    .....                   (no boots)
Stlth   ..........              (no amulet)
HPRegen 0.07/turn               (no ring)
MPRegen 0.08/turn               (no ring)

@: no status effects
A: sickness immunity, AC +3, negative energy resistance 1, electricity
resistance, torment resistance 1, petrification resistance
a: no special abilities


You were on level 2 of the Dungeon.
You visited 1 branch of the dungeon, and saw 2 of its levels.

You collected 18 gold pieces.

Inventory:

Hand Weapons
 a - a +0 war axe (weapon)
Armour
 b - a +0 scale mail (worn)
 c - a +0 buckler (worn)
Jewellery
 h - a ring of positive energy
Scrolls
 i - a scroll of identify {unknown}
 j - a scroll of amnesia {unknown}
 k - a scroll of torment {unknown}
Potions
 d - a potion of might
 e - a potion of ambrosia {unknown}
 f - a potion of berserk rage {unknown}
 g - a potion of flight {unknown}


   Skills:
 + Level 3.5 Fighting
 + Level 2.8 Axes
 + Level 3.4 Armour
 + Level 3.6 Shields


You had 2 spell levels left.
You didn't know any spells.
Your spell library was empty.

Dungeon Overview and Level Annotations

Branches:
Dungeon (2/15)

Altars:
Dithmenos


Innate Abilities, Weirdness & Mutations

You are immune to sickness and miasma.
Your stone body is resilient. (AC +3)
You are immune to poison.
You resist negative energy. (rN+)
You are resistant to electric shocks. (rElec)
You are resistant to unholy torment.
You are immune to petrification.


Message History

A worm is nearby!
A gnoll comes into view. It is wielding a +0 whip.
A gnoll comes into view. It is wielding a +0 flail.
The gnoll shouts!
A gnoll comes into view. It is wielding a +0 halberd.
Found a dagger.
The gnoll shouts!
You block the worm's attack.
You hit the worm but do no damage. The worm misses you.
You slash the gnoll!
The gnoll is severely wounded.
You slash the worm! The gnoll barely misses you.
The gnoll hits you but does no damage. The worm barely misses you.
You barely miss the gnoll.
The gnoll is severely wounded.
You slash the worm! You hit the gnoll. The gnoll barely misses you.
You block the gnoll's attack.
You hit the worm but do no damage.
The worm is almost dead.
You barely miss the gnoll. x2; You block the gnoll's attack.
The gnoll closely misses you. The gnoll barely misses you. The worm bites you!
You hit the worm.
The worm is almost dead.
You slash the gnoll!
You kill the gnoll!
You barely miss the gnoll. The gnoll barely misses you.
The gnoll hits you with a +0 whip. The worm closely misses you.
The gnoll hits you from afar with a +0 halberd.
The gnoll hits you with a +0 whip.
* * * LOW HITPOINT WARNING * * *
The gnoll attacks as you move away! You block the gnoll's attack.
The gnoll attacks as you move away! The gnoll hits you with a +0 whip.
* * * LOW HITPOINT WARNING * * *
The gnoll attacks as you move away! The gnoll hits you but does no damage.
You see here 17 stones.
There is a stone staircase leading down here.
There is a stone staircase leading up here.
The gnoll hits you from afar with a +0 halberd!
Ouch! That really hurt!
You die...

############
#..........#
#..........#
#..........#
#.@........#
##..........#
#..g.....####
#..g.....#
#........#
#....
#........# ...
#........######
# ...
#........'....#
#....
#........####.#


You could see 2 gnolls.

Vanquished Creatures
  A gnoll (D:2)
  2 dart slugs
  An endoplasm (D:1)
  2 giant cockroaches (D:1)
  A goblin (D:1)
  2 hobgoblins
  2 jackals (D:1)
  3 kobolds (D:1)
  4 quokkas
  2 ball pythons (D:2)
  A bat (D:1)
  2 frilled lizards
  A rat (D:1)
24 creatures vanquished.

Notes
Turn   | Place    | Note
-------+----------+-------------------------------------------
     0 | D:1      | bande the Gargoyle Fighter began the quest for the Orb.
     0 | D:1      | Reached XP level 1. HP: 14/14 MP: 1/1
    55 | D:1      | Reached XP level 2. HP: 7/19 MP: 2/2
   461 | D:1      | You fall into a shaft and drop 1 floor!
   507 | D:2      | Reached XP level 3. HP: 22/23 MP: 3/3
   560 | D:2      | Found a shadowy altar of Dithmenos.
   635 | D:2      | HP: 1/23 [gnoll/+0 whip (5)]
   675 | D:2      | Mangled by a gnoll

Illustrated notes

Levels and vault maps discovered:
D:1:      tarquinn_simple_flora_water_a, layout_basic
D:2:      layout_basic, basic_altar, ebering_ecumenical_altar_rust,
          uniq_crazy_yiuf_cottage

Skill      XL: |  1 |
---------------+----+-----
Axes           | 2 |  2.8
Fighting       | |  3.5
Armour         | |  3.4
Shields        | |  3.6

Action                   || total
-------------------------++-------
Melee: War axe           ||    65
Armor: Scale mail        ||    50
Dodge: Dodged            ||    43
Block: Buckler           ||    17

Table legend: (Time is in decaauts)
 A = Elapsed time spent in this place.
 B = Non-inter-level travel time spent in this place.
 C = Inter-level travel time spent in this place.
 D = Time resting spent in this place.
 E = Time spent auto-exploring this place.
 F = Levels seen in this place.
 G = Mean time per level.
                   A        B        C        D        E       F      G
               +--------+--------+--------+--------+--------+-----+--------+
         Total |    702 |    702 |      0 |      0 |    482 |   2 |  351.0 |
       Dungeon |    702 |    702 |      0 |      0 |    482 |   2 |  351.0 |
               +--------+--------+--------+--------+--------+-----+--------+

Top non-repeatable levels by time:
     D:1: 478 daAuts
     D:2: 223 daAuts
